 Dungeon Crawl Stone Soup version 0.19.3-4-gbf9329e (console) character file.

126 Kloppie the Shield-Bearer (level 5, -4/41 HPs)
             Began as a Formicid Fighter on Jan 26, 2017.
             Killed by divine providence
             ... invoked by an orc priest
              (9 damage)
             ... on level 3 of the Dungeon.
             The game lasted 00:03:00 (1796 turns).

Kloppie the Shield-Bearer (Formicid Fighter)        Turns: 1796, Time: 00:03:01

Health: -4/41      AC: 10    Str: 20    XL:     5   Next: 32%
Magic:  5/5        EV:  8    Int:  8    God:
Gold:   47         SH: 10    Dex: 11    Spells: 0 memorised, 4 levels left

rFire  . . .     SeeInvis +     a - +0 war axe
rCold  . . .     Gourm    .     b - +0 scale mail
rNeg   . . .     Faith    .     c - +0 shield
rPois  .         Spirit   .     (helmet unavailable)
rElec  .         Reflect  .     p - +0 cloak
rCorr  .         Harm     .     (no gloves)
MR     .....                    (no boots)
Stlth  ..........               (no amulet)
                                (no ring)
                                (no ring)

@: no status effects
A: permanent stasis, dig shafts and tunnels, four strong arms, antennae 3, icy
blue scales 1
a: Dig, Shaft Self


You were on level 3 of the Dungeon.
You were not hungry.

You visited 1 branch of the dungeon, and saw 3 of its levels.

You collected 47 gold pieces.

Inventory:

Hand Weapons
 a - a +0 war axe (weapon)
Armour
 b - a +0 scale mail (worn)
 c - a +0 shield (worn)
 p - a +0 cloak (worn)
 w - a +1 scale mail of cold resistance
Jewellery
 v - a cursed amulet of inaccuracy {unknown}
Scrolls
 e - 3 scrolls of remove curse {unknown}
 i - 2 scrolls of identify {unknown}
 j - a scroll of enchant armour {unknown}
 k - a scroll of fog {unknown}
 l - a scroll of magic mapping {unknown}
 n - a scroll of amnesia {unknown}
 s - a scroll of teleportation {unknown}
 t - a scroll of random uselessness {unknown}
 u - a scroll of recharging {unknown}
Potions
 d - a potion of might
 r - a potion of heal wounds {unknown}
Comestibles
 f - a bread ration
 g - 6 chunks of flesh
 h - a meat ration
 o - 5 fruits


   Skills:
 - Level 3.2 Fighting
 - Level 2.6 Axes
 - Level 3.5 Armour
 + Level 6.1 Shields


You had 4 spell levels left.
You didn't know any spells.

Dungeon Overview and Level Annotations

Branches:
Dungeon (3/15)

Altars:
Vehumet


Innate Abilities, Weirdness & Mutations

You are under a permanent stasis effect.
You can dig through walls and to a lower floor.
Your four strong arms can wield two-handed weapons with a shield.
You have a pair of large antennae on your head. (SInv)
You are partially covered in icy blue scales. (AC +2)


Message History

Some of the chunks of flesh in your inventory have rotted away.
You feel sick.
You are no longer poisoned.
You block the hobgoblin's attack.
The orc priest invokes the aid of Beogh against you.
Beogh smites you!
* * * LOW HITPOINT WARNING * * *
The hobgoblin hits you with a club.
* * * LOW HITPOINT WARNING * * *
The orc priest looks braver for a moment.
You block the hobgoblin's attack.
It was a potion of beneficial mutation.
Icy blue scales grow over part of your body.
You feel fantastic!
The hobgoblin hits you but does no damage.
You block the orc's attack.
It was a potion of cancellation.
You feel magically purged.
The orc priest invokes the aid of Beogh against you.
Beogh smites you!
You die...

{ ...#.#.....#
.#######.#.....##
......##).......#
........#.#######
#............##
#.##.....#....##
#........#.....###
.........#.......#
.........#g@...###
.........o...##
...#.(.......#
+.....##### {
#....(# #
####o....# ...
#........#
.....#)##########
#.......).รท.......


You could see an orc priest, an orc and a hobgoblin.

Vanquished Creatures
  3 adders
  3 worms
  3 dart slugs
  5 leopard geckos
  2 orcs (D:3)
  2 ball pythons
  2 bats
  4 giant cockroaches
  9 goblins
  13 hobgoblins
  6 jackals (D:2)
  3 frilled lizards
  12 kobolds
  4 rats
71 creatures vanquished.

Vanquished Creatures (others)
  A goblin (D:2)
1 creature vanquished.

Grand Total: 72 creatures vanquished

Notes
Turn   | Place    | Note
-------+----------+-------------------------------------------
     0 | D:1      | Kloppie the Formicid Fighter began the quest for the Orb.
     0 | D:1      | Reached XP level 1. HP: 18/18 MP: 1/1
    50 | D:1      | Reached skill level 4 in Shields
    58 | D:1      | Reached XP level 2. HP: 14/24 MP: 2/2
   211 | D:1      | HP: 1/24 [leopard gecko (4)]
   504 | D:1      | Reached XP level 3. HP: 26/29 MP: 3/3
   804 | D:2      | Reached skill level 5 in Shields
   813 | D:2      | Reached XP level 4. HP: 25/35 MP: 4/4
   897 | D:2      | Found a radiant altar of Vehumet.
  1524 | D:3      | Reached XP level 5. HP: 41/41 MP: 5/5
  1738 | D:3      | Reached skill level 6 in Shields
  1795 | D:3      | Gained mutation: You are partially covered in icy blue scales. (AC +2) [potion of beneficial mutation]
  1796 | D:3      | Killed from afar by an orc priest

Skill      XL: |  1  2  3  4  5 |
---------------+----------------+-----
Shields        | 4 5 6 |  6.1
Fighting       | |  3.2
Axes           | |  2.6
Armour         | |  3.5

Action                   |  1- 3 |  4- 6 || total
-------------------------+-------+-------++-------
Melee: War axe           |   110 |   114 ||   224
  Use: Potion            |       |     2 ||     2
  Eat: Chunk             |       |     3 ||     3
Armor: Scale mail        |    61 |    50 ||   111
Dodge: Dodged            |    42 |    44 ||    86
Block: Shield            |    70 |    80 ||   150
